 Dungeon Crawl Stone Soup version 0.31.0-11-ge490571c62 (webtiles) character file.

Game seed: 17554460215344194986

1439 solopath the Insei (level 8, -8/97 HPs)
             Began as a Demonspawn Chaos Knight on Feb 2, 2024.
             Was a Plaything of Xom.
             Mangled by an orange demon (15 damage)
             ... summoned by Xom
             ... on level 6 of the Dungeon.
             The game lasted 00:06:04 (5400 turns).

solopath the Insei (Demonspawn Chaos Knight)        Turns: 5400, Time: 00:06:05

Health: -8/97      AC: -7    Str: 14    XL:     8   Next: 45%
Magic:  8/8        EV: 11    Int: 12    God:    Xom [......]
Gold:   39         SH:  0    Dex: 16    Spells: 7/7 levels left

rFire   . .          .
                       - Unarmed
rCold   . . .        (no shield)
rNeg    . . .        a - +2 leather armour
rPois   +            f - +2 helmet
rElec   .            C - +2 cloak
rCorr   .            (no gloves)
SInv    +            (no boots)
Will    +....        (no amulet) Stlth
                     i - ring of see invisible
HPRegen 0.36/turn    n - ring of poison resistance
MPRegen 0.11/turn

%: no passive effects
@: mighty, berserking, silenced, corroded, enlightened, flying, very quick
A: rugged brown scales 1, foul stench 2, weakness stinger 2, fangs 1, thin
skeletal structure 1, sense surroundings 1, wild magic 1, persistent drain
a: Renounce Religion


You were on level 6 of the Dungeon.
You worshipped Xom.
You were a very special plaything of Xom.
You visited 2 branches of the dungeon, and saw 7 of its levels.

You collected 237 gold pieces.
You spent 198 gold pieces at shops.

Inventory:

Armour
 a - a +2 leather armour (worn)
 f - a +2 helmet (worn)
 C - a +2 cloak (worn)
Jewellery
 i - a ring of see invisible (left hand)
 m - a +6 ring of intelligence
 n - a ring of poison resistance (right hand)
Talismans
 d - a maw talisman
 x - the storm talisman of the Game Afoot {rF+ rCorr Int+3}
   (You found it on level 4 of the Dungeon)

   [storm talisman]

   Int+3:     It affects your intelligence (+3).
   rF+:       It protects you from fire.
   rCorr:     It protects you from acid and corrosion.
 y - a blade talisman
Wands
 r - a wand of paralysis (16)
 D - a wand of iceblast (7)
Scrolls
 b - a scroll of butterflies
 c - a scroll of amnesia
 e - 2 scrolls of noise
 g - 4 scrolls of identify
 h - 2 scrolls of silence
 k - 6 scrolls of teleportation {unknown}
 l - 4 scrolls of enchant armour {unknown}
 q - a scroll of fear {unknown}
 s - 5 scrolls of vulnerability
 t - a scroll of brand weapon {unknown}
 v - 2 scrolls of immolation {unknown}
 B - 2 scrolls of poison {unknown}
 E - a scroll of fog {unknown}
 F - 3 scrolls of enchant weapon {unknown}
Potions
 j - 3 potions of curing
 o - a potion of enlightenment
 p - a potion of might
 u - a potion of berserk rage
 w - a potion of haste {unknown}
 z - a potion of attraction {unknown}
 A - a potion of cancellation {unknown}


   Skills:
 + Level 6.1 Fighting
 - Level 1.7 Armour
 - Level 0.8 Dodging
 * Level 7.5 Unarmed Combat
 + Level 3.9 Shapeshifting


You had 7 spell levels left.
You didn't know any spells.
Your spell library contained the following spells:

 Spells                   Type           Power      Damage    Failure   Level
 Ensorcelled Hibernation  Hex/Ice        0%         N/A       61%         2
 Scorch                   Fire           0%         2d5       61%         2
 Inner Flame              Hex/Fire       0%         N/A       83%         3
 Passwall                 Erth           0%         N/A       83%         3
 Swiftness                Air            0%         N/A       83%         3
 Flame Wave               Conj/Fire      0%         2d4       99%         4
 Irradiate                Conj/Alch      0%         3d11      100%        5
 Summon Cactus Giant      Summ           0%         N/A       100%        6
 Ignition                 Fire           0%         3d3       100%        8


Dungeon Overview and Level Annotations

Branches:
Dungeon (6/15)             Temple (1/1) D:4

Altars:
Dithmenos
Fedhas
Gozag
Hepliaklqana
Makhleb
Nemelex Xobeh
Ru
Trog
Uskayaw
Xom
Yredelemnul

Shops:
D:5 [


Innate Abilities, Weirdness & Mutations

You are partially covered in rugged brown scales. (AC +1, +3% HP)
You sometimes emit foul miasma when damaged in melee.
You have a tail ending in a sharp stinger.
You have very sharp teeth.
You have a somewhat thin skeletal structure. (Dex +2, Stealth+)
You passively map a small area around you.
Your spells are a little harder to cast, but a little more powerful.
Your health recovers twice as slowly from being drained.


Message History

As you read the scroll labelled SAUC JYNWA, it crumbles to dust.
A profound silence engulfs you.
It was a scroll of silence.
The orange demon closely misses you. The rust devil hits you.
The rust devil corrodes you!
The rust devil attacks as it pursues you!
The rust devil hits you! The rust devil corrodes you!
You emit a cloud of foul miasma!
It was a potion of curing.
You feel better. The rust devil completely misses you.
It was a potion of enlightenment.
You feel very buoyant.
You fly up into the air.
The rust devil barely misses you. The orange demon stings you from afar.
It was a potion of might.
You feel very mighty all of a sudden. The rust devil hits you.
The rust devil corrodes you! The orange demon closely misses you.
The orange demon attacks as it pursues you!
The orange demon stings you from afar!
* * * LOW HITPOINT WARNING * * *
The orange demon attacks as it pursues you!
The orange demon stings you from afar!
* * * LOW HITPOINT WARNING * * *
You emit a cloud of colourful smoke!
The orange demon attacks as it pursues you!
The orange demon barely misses you.
The rust devil attacks as it pursues you!
The rust devil barely misses you.
It was a potion of berserk rage.
A red film seems to cover your vision as you go berserk!
You feel yourself moving faster!
You feel mighty!
Xom roars with laughter!
The rust devil closely misses you. The orange demon stings you from afar.
* * * LOW HITPOINT WARNING * * *
You hit the rust devil but do no damage.
You punch the rust devil.
You bite the rust devil, but do no damage.
The rust devil is lightly wounded.
The rust devil misses you. The orange demon stings you from afar!
You die...

#.# #####.#.##.#..
#.# #.....#....#..
#.# #....>....##.#
#5# #.............
#5# #######.##...#
#5# #.###...
#4#########.####..
#4##..............
#@##.######.......
#.#* #....... #.#
#....... #.# *
#....... #.##.#
#....... #.##.#
#....... #.##.#
#.....). #..#.#
#....... #..#.#
##......


You could see an orange demon (summoned), a rust devil (summoned), 2 iron imps
and a white imp (summoned).

Vanquished Creatures
  Grinder (D:5)
  A water moccasin (D:6)
  An ice beast (D:6)
  An ogre (D:4)
  A lemure (D:5)
  A bullfrog (D:3)
  A scorpion (D:5)
  A howler monkey (D:6)
  3 hounds (D:5)
  5 bombardier beetles
  A jelly (D:5)
  An orc priest (D:6)
  3 iguanas
  An orc wizard (D:6)
  5 adders
  A shadow imp (D:6)
  2 white imps (D:6)
  2 ufetubi (D:6)
  3 dart slugs
  3 ribbon worms
  15 orcs
  2 bats
  3 endoplasms
  4 giant cockroaches
  5 goblins
  2 hobgoblins
  3 jackals (D:2)
  6 quokkas
  8 ball pythons
  3 kobolds
  4 rats
93 creatures vanquished.

Vanquished Creatures (collateral kills)
  A phantom (D:4)
  An orc wizard (D:4)
  2 gnolls (D:4)
4 creatures vanquished.

Grand Total: 97 creatures vanquished

Notes
Turn   | Place    | Note
-------+----------+-------------------------------------------
     0 | D:1      | solopath the Demonspawn Chaos Knight began the quest for
                  | the Orb.
     0 | D:1      | Reached XP level 1. HP: 18/18 MP: 1/1
   154 | D:1      | Reached skill level 3 in Unarmed Combat
   230 | D:1      | Gained mutation: You may rarely emit foul miasma when
                  | damaged in melee. [demonic ancestry]
   230 | D:1      | Reached XP level 2. HP: 23/24 MP: 2/2
   468 | D:1      | XOM: silly message
   730 | D:2      | Gained mutation: You sometimes emit foul miasma when
                  | damaged in melee. [demonic ancestry]
   730 | D:2      | Reached XP level 3. HP: 29/29 MP: 3/3
  1382 | D:3      | XOM: silly message
  1398 | D:3      | Noticed a bullfrog
  1413 | D:3      | Killed a bullfrog
  1414 | D:3      | Reached skill level 4 in Unarmed Combat
  1414 | D:3      | Reached skill level 1 in Shapeshifting
  1414 | D:3      | Gained mutation: You have a small tail. [demonic ancestry]
  1414 | D:3      | Reached XP level 4. HP: 13/37 MP: 4/4
  1461 | D:3      | XOM: silly message
  1535 | D:3      | XOM: smoke on damage
  1543 | D:3      | Gained mutation: You have a tail ending in a sharp stinger.
                  | [demonic ancestry]
  1543 | D:3      | Reached XP level 5. HP: 25/42 MP: 5/5
  1925 | D:3      | XOM: silly message
  1972 | D:3      | XOM: give mutations
  1972 | D:3      | Gained mutation: You have very sharp teeth. [Xom's
                  | mischief]
  1972 | D:3      | Gained mutation: Your spells are a little harder to cast,
                  | but a little more powerful. [Xom's mischief]
  1984 | D:3      | XOM: torment (22/42 hp)
  2123 | D:4      | XOM: 1-stop teleportation journey
  2182 | D:4      | Found a sacrificial altar of Ru.
  2198 | D:4      | XOM: cleaving
  2335 | D:4      | XOM: 6-stop teleportation journey
  2463 | D:4      | XOM: summons 3 hostile demons
  2601 | D:4      | XOM: 1-stop teleportation journey
  2790 | D:4      | Found a staircase to the Ecumenical Temple.
  2800 | Temple   | Entered the Ecumenical Temple
  2811 | D:4      | Identified the storm talisman of the Game Afoot {rF+ rCorr
                  | Int+3}
  2823 | D:4      | XOM: polymorph gnoll -> dart slug
  2969 | D:4      | Found a blossoming altar of Fedhas.
  2981 | D:4      | XOM: give mutation
  2981 | D:4      | Gained mutation: You passively map a small area around you.
                  | [Xom's grace]
  2982 | D:4      | Noticed a phantom
  2990 | D:4      | Killed a phantom
  2991 | D:4      | Reached skill level 5 in Unarmed Combat
  2991 | D:4      | Reached XP level 6. HP: 48/49 MP: 6/6
  3131 | D:4      | Found a shadowy altar of Dithmenos.
  3181 | D:4      | XOM: summons 3 friendly demons
  3222 | D:4      | Identified the +2 short sword of the Postmodern Towns
                  | {holy, rElec}
  3359 | D:5      | Entered Level 5 of the Dungeon
  3618 | D:5      | XOM is BORED!
  3680 | D:5      | XOM: give mutations
  3680 | D:5      | Gained mutation: Your system is resistant to poisons.
                  | (rPois) [Xom's mischief]
  3680 | D:5      | Gained mutation: You have a somewhat thin skeletal
                  | structure. (Dex +2, Stealth+) [Xom's mischief]
  3680 | D:5      | Gained mutation: You are partially covered in large bone
                  | plates. (SH +4) [Xom's mischief]
  3798 | D:5      | Noticed Eustachio
  3808 | D:5      | Eustachio changed into Eustachio the orc
  3808 | D:5      | Noticed Eustachio
  3808 | D:5      | XOM: polymorph Eustachio -> Eustachio the orc
  3832 | D:5      | Killed Eustachio the orc
  3840 | D:5      | XOM: summons 2 friendly demons
  3869 | D:5      | XOM: polymorph bombardier beetle -> dart slug
  3941 | D:5      | Gained mutation: You are partially covered in rugged brown
                  | scales. (AC +1, +3% HP) [demonic ancestry]
  3941 | D:5      | Reached XP level 7. HP: 43/56 MP: 7/7
  4059 | D:5      | Noticed an animated storm dragon scales
  4068 | D:5      | Reached skill level 5 in Fighting
  4068 | D:5      | Found Qidit's Armour Emporium.
  4080 | D:5      | Noticed an animated gold dragon scales
  4080 | D:5      | XOM: polymorph white imp -> lemure
  4081 | D:5      | XOM: potion effect (haste)
  4094 | D:5      | Reached skill level 6 in Unarmed Combat
  4182 | D:5      | Bought a +2 cloak for 198 gold pieces
  4271 | D:5      | Noticed Grinder
  4292 | D:5      | Killed Grinder
  4447 | D:5      | Reached XP level 8. HP: 64/64 MP: 8/8
  4462 | D:5      | Found a hazy altar of Hepliaklqana.
  4808 | D:6      | Reached skill level 7 in Unarmed Combat
  4915 | D:6      | XOM: 1-stop teleportation journey
  4920 | D:6      | XOM: enchant monster (good)
  4955 | D:6      | XOM: noise
  5303 | D:6      | XOM is BORED!
  5332 | D:6      | XOM: give mutations
  5332 | D:6      | Lost mutation: Your system is resistant to poisons. (rPois)
                  | [Xom's mischief]
  5332 | D:6      | Gained mutation: Your health recovers twice as slowly from
                  | being drained. [Xom's mischief]
  5332 | D:6      | Lost mutation: You are partially covered in large bone
                  | plates. (SH +4) [Xom's mischief]
  5374 | D:6      | XOM: summons 5 hostile demons
  5375 | D:6      | Noticed an orange demon
  5375 | D:6      | Noticed a rust devil
  5396 | D:6      | XOM: smoke on damage
  5400 | D:6      | Mangled by an orange demon

Illustrated notes

Levels and vault maps discovered:
D:1:      tekkud_arrival_beachfront_property, layout_basic,
          chequers_serial_rivers_small_a
D:2:      layout_basic
D:3:      layout_basic
D:4:      layout_basic, nicolae_overflow_hidden_temple,
          mainiacjoe_overflow_24_doors, mainiacjoe_overflow_surrounded_room,
          temple_doors_e
D:5:      layout_basic, mainiacjoe_overflow_paths,
          nicolae_hepliaklqana_hippocampus, serial_shops,
          nicolae_shop_mannequins, uniq_eustachio, uniq_grinder
D:6:      layout_basic, amethyst_overflow_temple_binary
Temple:   nicolae_temple_two_arcs

Skill      XL: |  1  2  3  4  5  6  7  8 |
---------------+-------------------------+-----
Unarmed Combat | 3 4 5 6 7 |  7.5
Shapeshifting  | 1 2 3 |  3.9
Fighting       | 4 5 6 |  6.1
Armour         | |  1.7
Dodging        | |  0.8

Action                     |  1- 3 |  4- 6 |  7- 9 || total
---------------------------+-------+-------+-------++-------
  Melee: Unarmed           |   108 |   194 |   145 ||   447
         Punch             |     1 |     4 |     7 ||    12
         Tailslap          |       |    25 |    23 ||    48
         Bite              |       |    12 |    17 ||    29
    Use: Scroll            |       |       |     4 ||     4
         Potion            |       |       |     4 ||     4
   Stab: Sleeping          |     1 |       |       ||     1
 Armour: Leather armour    |    60 |   143 |   105 ||   308
  Dodge: Dodged            |    66 |   143 |    96 ||   305
  Block: Other             |       |     6 |    32 ||    38
